 Dungeon Crawl Stone Soup version 0.20.0-15-g7f486f2 (webtiles) character file.

2773 Darkins the Carver (level 10, -5/112 HPs)
             Began as a Human Gladiator on June 20, 2017.
             Was an Initiate of Okawaru.
             Killed from afar by a gargoyle (13 damage)
             ... with a stone arrow
             ... on level 7 of the Dungeon.
             The game lasted 00:30:45 (8016 turns).

Darkins the Carver (Human Gladiator)                Turns: 8016, Time: 00:30:46

Health: -5/112     AC: 25    Str: 15    XL:     10   Next: 1%
Magic:  19/19      EV:  2    Int:  9    God:    Okawaru [......]
Gold:   264        SH:  0    Dex: 20    Spells: 9/9 levels left

rFire    . . .     SeeInvis .   a - +0 long sword
rCold    . . .     Gourm    .   (no shield)
rNeg     + + +     Faith    .   (armour currently unavailable)
rPois    +         Spirit   .   (helmet currently unavailable)
rElec    .         Reflect  .   (cloak currently unavailable)
rCorr    .         Harm     .   (gloves currently unavailable)
MR       .....     NoTele   +   (boots currently unavailable)
Stlth    ++........             (no amulet)
Regen    0.3/turn               w - +3 ring of dexterity
MPRegen  0.2/turn               q - ring of magical power

@: tree-form, very slightly contaminated
A: no striking features
a: Renounce Religion


You were on level 7 of the Dungeon.
You worshipped Okawaru.
Okawaru was noncommittal.
You were near starving.
You were a tree.
You visited 2 branches of the dungeon, and saw 8 of its levels.

You collected 264 gold pieces.

Inventory:

Hand Weapons
 a - a +0 long sword (weapon)
Missiles
 b - 2 throwing nets (quivered)
 x - 7 tomahawks
Armour
 c - a +0 helmet (melded)
 k - a +1 pair of gloves (melded)
 v - a +0 pair of boots (melded)
 B - a cursed +0 ring mail (melded)
Jewellery
 h - an uncursed amulet of faith
 q - a ring of magical power (right branch)
 w - a +3 ring of dexterity (left branch)
Wands
 d - a wand of digging (7/24)
 p - a wand of random effects (12/48)
Scrolls
 i - 9 scrolls of identify
 j - 3 scrolls of remove curse
 m - 3 scrolls of fear {unknown}
 r - 8 scrolls of teleportation {unknown}
 s - a scroll of blinking {unknown}
 t - a scroll of brand weapon {unknown}
 A - 2 scrolls of recharging
 C - a scroll of enchant weapon {unknown}
 D - a scroll of immolation {unknown}
Books
 y - a book of Misfortune

   Spells                             Type                      Level
   a - Confusing Touch                Hexes                        1
   b - Confuse                        Hexes                        3
   c - Gell's Gravitas                Translocation                3
   d - Petrify                        Transmutation/Earth          4
   e - Metabolic Englaciation         Hexes/Ice                    5
   f - Yara's Violent Unravelling     Hexes/Transmutation          5
Comestibles
 f - 6 bread rations
 g - 3 fruits
 n - 2 royal jellies
 o - 2 meat rations


   Skills:
 + Level 5.6 Fighting
 + Level 9.9 Long Blades
 - Level 2.0 Throwing
 + Level 4.9 Armour
 + Level 5.9 Dodging


You had 9 spell levels left.
You didn't know any spells.

Dungeon Overview and Level Annotations

Branches:
Dungeon (7/15)             Temple (1/1) D:7

Altars:
Ashenzari
Cheibriados
Dithmenos
Elyvilon
Fedhas
Gozag
Hepliaklqana
Kikubaaqudgha
Makhleb
Okawaru
Qazlal
Ru
Sif Muna
Trog
Uskayaw
Vehumet
Xom
Yredelemnul
Zin
The Shining One


Innate Abilities, Weirdness & Mutations

((Your flesh is heat resistant. (rF+)))


Message History

The big kobold hits you but does no damage.
You completely miss the gargoyle.
The gargoyle is lightly damaged.
The sentinel's mark upon you fades away.
The gargoyle hurls a stone arrow at you.
Helpless, you fail to dodge the stone arrow.
* * * LOW HITPOINT WARNING * * *
The big kobold hits you but does no damage.
You hit the gargoyle but do no damage.
The gargoyle is lightly damaged.
The gargoyle hits you but does no damage.
You hit the gargoyle but do no damage.
The gargoyle is lightly damaged.
The big kobold hits you but does no damage.
You hit the gargoyle but do no damage.
The gargoyle is lightly damaged.
The big kobold hits you but does no damage.
The gargoyle hurls a stone arrow at you.
Helpless, you fail to dodge the stone arrow.
You die... ..# ...........##.#...## ..# ...........##....## ###. #...?.....#........# # #.## ## ##.#.......####.#... ..#?##+.+##(#..###...# ..### #.###'.....'# #KK

##.. #..#
#.#(#.......# #K#
.... #...
#.##'.......+##K####.
#..
##.##....8....##♣# #.
...# +.......'##9#
#..# #.......#(#9#
#..###'.....+###9#
#...#(##..9## #99#
#...###8.9.8###.##
##....##...##...#
#........99..###
###).....#####


You could see 5 gargoyles, a big kobold and 3 kobolds.

Vanquished Creatures
  The ghost of ANON1729 the Destroyer, a novice TeCj of Vehumet (D:5)
  An orc warrior (D:6)
  An ice beast (D:5)
  2 sky beasts (D:7)
  A black bear (D:7)
  3 phantoms
  3 ogres
  3 centaurs
  A bullfrog (D:6)
  A scorpion (D:5)
  2 howler monkeys
  A bullfrog zombie (D:5)
  5 crimson imps
  3 hounds
  3 orc priests
  A bullfrog skeleton (D:4)
  7 orc wizards
  An iguana (D:4)
  8 worker ants
  10 adders
  A shadow imp (D:6)
  An ooze (D:3)
  3 worms
  2 adder skeletons
  2 dart slugs
  8 leopard geckos
  32 orcs
  2 giant cockroaches
  5 goblins
  7 hobgoblins
  11 kobolds
  6 quokkas
  7 bats
  9 frilled lizards
  A quokka zombie (D:6)
  12 rats
167 creatures vanquished.

Vanquished Creatures (others)
  A kobold (D:7)
1 creature vanquished.

Grand Total: 168 creatures vanquished

Notes
Turn   | Place    | Note
-------+----------+-------------------------------------------
     0 | D:1      | Darkins the Human Gladiator began the quest for the Orb.
     0 | D:1      | Reached XP level 1. HP: 16/16 MP: 1/1
   196 | D:1      | Reached XP level 2. HP: 19/22 MP: 2/2
   657 | D:1      | Reached XP level 3. HP: 24/27 MP: 3/3
  1403 | D:2      | Reached skill level 4 in Long Blades
  1418 | D:2      | Reached XP level 4. HP: 31/33 MP: 4/4
  1494 | D:2      | Found a blossoming altar of Fedhas.
  2390 | D:3      | Reached skill level 1 in Armour
  2392 | D:3      | Reached XP level 5. HP: 37/39 MP: 5/5
  2981 | D:3      | Found a hide-covered altar of Uskayaw.
  3160 | D:4      | Found a stormy altar of Qazlal.
  3192 | D:4      | Reached skill level 5 in Long Blades
  3192 | D:4      | Reached XP level 6. HP: 33/47 MP: 6/6
  3910 | D:4      | Noticed a phantom
  3935 | D:4      | Killed a phantom
  4143 | D:4      | Reached XP level 7. HP: 31/52 MP: 7/7
  4152 | D:4      | Reached skill level 6 in Long Blades
  4858 | D:5      | Entered Level 5 of the Dungeon
  4871 | D:5      | Noticed ANON1729's ghost (novice TeCj)
  5400 | D:6      | HP: 3/78 [poisoned by an adder]
  5407 | D:6      | Reached XP level 8. HP: 23/59 MP: 8/8
  5414 | D:6      | Reached skill level 7 in Long Blades
  5491 | D:6      | Reached skill level 5 in Dodging
  5877 | D:5      | Reached skill level 8 in Long Blades
  5923 | D:5      | Killed ANON1729's ghost
  5923 | D:5      | Reached XP level 9. HP: 20/67 MP: 9/9
  6239 | D:5      | Reached skill level 9 in Long Blades
  6267 | D:5      | Found a glowing silver altar of Zin.
  6316 | D:5      | Reached skill level 5 in Fighting
  6400 | D:5      | Found an opulent altar of Gozag.
  6764 | D:6      | Found a deep blue altar of Sif Muna.
  6963 | D:7      | Found a staircase to the Ecumenical Temple.
  7296 | Temple   | Entered the Ecumenical Temple
  7549 | Temple   | Became a worshipper of Warmaster Okawaru
  7862 | D:7      | Gained mutation: Your flesh is heat resistant. (rF+) [mutagenic meat]
  7964 | D:7      | Reached XP level 10. HP: 70/75 MP: 10/10
  7980 | D:7      | Noticed a gargoyle
  7980 | D:7      | Noticed a gargoyle
  7980 | D:7      | Noticed a gargoyle
  7980 | D:7      | Noticed a gargoyle
  7981 | D:7      | Noticed a gargoyle
  8016 | D:7      | Killed from afar by a gargoyle

Skill      XL: |  1  2  3  4  5  6  7  8  9 |
---------------+----------------------------+-----
Long Blades    | 4 5 6 8 9 |  9.9
Armour         | 1 2 3 4 |  4.9
Fighting       | 3 4 5 |  5.6
Dodging        | 4 5 |  5.9
Throwing       | |  2.0

Action                   |  1- 3 |  4- 6 |  7- 9 | 10-12 || total
-------------------------+-------+-------+-------+-------++-------
Melee: Long sword        |    97 |   205 |   436 |    14 ||   752
Throw: Throwing net      |       |       |     3 |       ||     3
  Use: Scroll            |     3 |       |       |       ||     3
       Potion            |       |       |    10 |     5 ||    15
 Stab: Sleeping          |       |     3 |       |       ||     3
       Invisible         |       |       |     2 |       ||     2
       Held in net/web   |       |       |     1 |       ||     1
  Eat: Chunk             |     1 |     8 |    10 |       ||    19
       Bread ration      |       |       |     1 |       ||     1
Armor: Leather armour    |    35 |    76 |     3 |       ||   114
       Skin              |       |       |   121 |    14 ||   135
       Ring mail         |       |       |   117 |     1 ||   118
Dodge: Dodged            |    79 |   149 |   287 |    10 ||   525
       Rpst.: Long sword |    18 |    38 |    94 |       ||   150
